cohdb
Replays
Latest Replays
All Replays
Popular Replays
Top Player Replays
Match Explorer
How It Works
Community
CoH3 Stats
Reddit
Sign in to upload your games and track your stats! →
Sign in with Steam
Match 39542255
Unlisted
Match 39542255
Overview
Messages
Build Orders
End
Construct Infanterie Kompanie
Selects Terror Battlegroup
Grenadier Squad
Grenadier Squad
Grenadier Squad
MG 42 Machine Gun Team
Infanterie Officer Quarters
Selects Contempt for the Weak
Grenadier Squad
Construct Luftwaffe Kompanie
BIOHAZARD
=BIA=Daghito
demenza058
Giovanni
KitFX37
Celltus
Superhuman
Lengleng
0
0
Comments
sign in to comment!
No comments posted yet!